 Dungeon Crawl Stone Soup version 0.30.1-11-g7821555f0a (webtiles) character file.

Game seed: 5257951246384694098

7 monsoonserge the Caller (level 1, -1/7 HPs)
             Began as a Felid Summoner on Dec 7, 2023.
             Frozen to death by an endoplasm (4 damage)
             ... on level 1 of the Dungeon.
             The game lasted 00:00:52 (135 turns).

monsoonserge the Caller (Felid Summoner)             Turns: 135, Time: 00:00:53

Health: -1/7       AC:  1    Str:  4    XL:     1   Next: 83%
Magic:  4/4        EV: 18    Int: 16    God:
Gold:   13         SH:  0    Dex: 22    Spells: 3/4 levels left
                                        Lives:  0   Deaths: 0

rFire   . . .        (weapon unavailable)
rCold   . . .        (shield unavailable)
rNeg    . . .        (body armour unavailable)
rPois   .            (helmet unavailable)
rElec   .            (cloak unavailable)
rCorr   .            (gloves unavailable)
SInv    +            (boots unavailable)
Will    .....        (no amulet)
Stlth   +++          c - +6 ring of dexterity
HPRegen 0.21/turn    (no ring)
MPRegen 0.09/turn

%: no passive effects
@: quick
A: very small, claws 1, fangs 3, see invisible, speed 1, shaggy fur 1, stealthy
paws, no weapons or thrown items, no armour, multi-lived
a: no special abilities


You were on level 1 of the Dungeon.
You visited 1 branch of the dungeon, and saw 1 of its levels.

You collected 13 gold pieces.

Inventory:

Jewellery
 c - a +6 ring of dexterity (left paw)
Scrolls
 b - a scroll of immolation {unknown}
Potions
 a - a potion of magic


   Skills:
 + Level 2.7 Dodging
 + Level 2.7 Stealth
 + Level 2.1 Spellcasting
 + Level 4.2 Summonings


You had 3 spell levels left.
You knew the following spells:

 Your Spells              Type           Power      Damage    Failure   Level
a - Summon Small Mammal   Summ           60%        N/A       3%          1

Your spell library contained the following spells:

 Spells                   Type           Power      Damage    Failure   Level
 Call Imp                 Summ           30%        N/A       5%          2
 Call Canine Familiar     Summ           15%        N/A       11%         3
 Summon Guardian Golem    Hex/Summ       8%         N/A       26%         3
 Summon Lightning Spire   Summ/Air       8%         N/A       63%         4


Dungeon Overview and Level Annotations

Branches:
Dungeon (1/15)

Altars:


Innate Abilities, Weirdness & Mutations

You have sharp claws.
You have razor-sharp teeth.
You have supernaturally acute eyesight. (SInv)
You cover ground quickly. (Speed+)
You are covered in fur. (AC +1)
Your paws help you pounce on unaware monsters.
You are incapable of wielding weapons or throwing items.
You cannot wear armour.
You gain extra lives every three experience levels.


Message History

The goblin completely misses you.
You barely miss the goblin. You bite the goblin.
The goblin is moderately wounded.
The goblin barely misses you.
You completely miss the goblin. Your bite misses the goblin.
The goblin is moderately wounded.
The goblin barely misses you.
You scratch the goblin.
The goblin is moderately wounded.
The goblin hits you with a +0 club.
You scratch the goblin but do no damage.
The goblin is moderately wounded.
The goblin hits you with a +0 club.
You scratch the goblin.
You kill the goblin!
You see here a +0 club.
You now have 13 gold pieces.
There are no items here.
c - a +6 ring of dexterity You feel agile.
c - a +6 ring of dexterity (left paw)
You start resting.
HP restored.
Found a stone staircase leading down.
There is a stone staircase leading down here.
An endoplasm comes into view.
The endoplasm quivers.
You scratch the endoplasm but do no damage.
The endoplasm freezes you.
You are frozen.
You scratch the endoplasm.
The endoplasm is lightly wounded.
The endoplasm freezes you.
You are frozen.
You barely miss the endoplasm.
The endoplasm is lightly wounded.
The endoplasm freezes you.
You are frozen.
Ouch! That really hurt!
You die...

##### #...# #...#
#...# #...###
#..J..# #..@#.####
#........####.
#....###......
#.....>.## #..
#######..# #..##
##.# #..### #.#
##....### #.#
#..#.....
#######.###.#..#...


You could see an endoplasm.

Vanquished Creatures
  A goblin (D:1)
  A kobold (D:1)
  A rat (D:1)
3 creatures vanquished.

Vanquished Creatures (collateral kills)
  An endoplasm (D:1)
  A hobgoblin (D:1)
  A bat (D:1)
3 creatures vanquished.

Grand Total: 6 creatures vanquished

Notes
Turn   | Place    | Note
-------+----------+-------------------------------------------
     0 | D:1      | monsoonserge the Felid Summoner began the quest for the
                  | Orb.
     0 | D:1      | Reached XP level 1. HP: 7/7 MP: 4/4
   135 | D:1      | Frozen to death by an endoplasm

Illustrated notes

Levels and vault maps discovered:
D:1:      minmay_arrival_radiant_lines, layout_rooms

Action                     || total
---------------------------++-------
  Melee: Unarmed           ||    22
         Bite              ||     3
   Cast: Summon Small Mamm ||     2
 Armour: Skin              ||     2
  Dodge: Dodged            ||    16
